 Dungeon Crawl Stone Soup version 0.19.0-2-gae57169 (webtiles) character file.

12681 DevlanMud the Slinger (level 12, 0/77 HPs)
             Began as a Halfling Berserker on Nov 7, 2016.
             Was a High Priest of Trog.
             Shot with an arrow by a centaur warrior (7 damage)
             ... in a volcano.
             The game lasted 00:56:53 (12915 turns).

DevlanMud the Slinger (Halfling Berserker)         Turns: 12915, Time: 00:56:53

Health: 0/77       AC: 15    Str: 18    XL:     12   Next: 23%
Magic:  4/4        EV: 24    Int:  7    God:    Trog [*****.]
Gold:   408        SH: 11    Dex: 15    Spells: 0 memorised, 11 levels left

rFire  + . .     SeeInvis .     a - +4 long sword (antimagic)
rCold  . . .     Gourm    .     j - +1 steam dragon scales
rNeg   + . .     Faith    +     Y - +0 shield
rPois  .         Spirit   .     i - +0 helmet
rElec  .         Reflect  .     L - +0 cloak of Extuuwav {rF+ rN+ MR++ Str-2}
rCorr  .         Harm     .     M - +0 pair of gloves
MR     ++++.                    k - +0 pair of boots
Stlth  +++.......               u - amulet of faith
                                A - +3 ring of protection
                                n - +5 ring of evasion

@: flying, regenerating
A: mutation resistance 1
a: Berserk, Trog's Hand, Brothers in Arms, Burn Spellbooks, Renounce Religion


You were in a volcano.
You worshipped Trog.
Trog was extremely pleased with you.
You were hungry.

You visited 3 branches of the dungeon, and saw 15 of its levels.
You also visited: Volcano.

You collected 408 gold pieces.

Inventory:

Hand Weapons
 a - a +4 antimagic long sword (weapon)
 b - a +0 hunting sling of freezing
 v - a +0 short sword of flaming
Missiles
 l - 384 stones (quivered)
 r - 189 sling bullets
Armour
 i - a +0 helmet (worn)
 j - +1 steam dragon scales (worn)
 k - a +0 pair of boots (worn)
 L - the +0 cloak of Extuuwav (worn) {rF+ rN+ MR++ Str-2}
   (You found it on level 6 of the Dungeon)

   It affects your strength (-2).
   It protects you from fire.
   It protects you from negative energy.
   It affects your resistance to hostile enchantments.
 M - a +0 pair of gloves (worn)
 Y - a +0 shield (worn)
Jewellery
 n - a +5 ring of evasion (left hand)
 u - an amulet of faith (around neck)
 A - a +3 ring of protection (right hand)
 I - an uncursed ring of positive energy
 N - the ring of Cheibriados's Envy {rElec rC+ EV-4 Int+4 Dex-5}
   (You found it on level 6 of the Dungeon)

   [ring of evasion]

   It affects your evasion (-4).
   It affects your intelligence (+4).
   It affects your dexterity (-5).
   It protects you from cold.
   It insulates you from electricity.
 T - an uncursed ring of resist corrosion
Wands
 Q - a wand of flame (19/48)
 V - a wand of random effects (35/48)
 W - a wand of enslavement (14/24)
Scrolls
 e - 6 scrolls of magic mapping
 f - 2 scrolls of brand weapon
 g - 8 scrolls of recharging
 p - 2 scrolls of enchant armour
 q - 2 scrolls of teleportation
 s - a scroll of enchant weapon
 w - a scroll of fog
 C - 2 scrolls of identify
 P - 2 scrolls of remove curse
Potions
 d - 2 potions of agility
 o - a potion of curing
 t - 2 potions of heal wounds
 x - 2 potions of haste {unknown}
 D - a potion of cure mutation
 E - a potion of might
 F - 2 potions of ambrosia {unknown}
 J - a potion of magic
 O - 2 potions of invisibility {unknown}
 R - a potion of resistance {unknown}
 U - 2 potions of degeneration {unknown}
Books
 y - a book of Minor Magic

   Spells                             Type                      Level
   a - Magic Dart                     Conjuration                  1
   b - Blink                          Translocation                2
   c - Call Imp                       Summoning                    2
   d - Repel Missiles                 Charms/Air                   2
   e - Slow                           Hexes                        2
   f - Conjure Flame                  Conjuration/Fire             3
   g - Mephitic Cloud                 Conjuration/Poison/Air       3
   Trog disapproves of the use of such an item.
 K - a book of Misfortune

   Spells                             Type                      Level
   a - Confusing Touch                Hexes                        1
   b - Confuse                        Hexes                        3
   c - Gell's Gravitas                Hexes/Translocation          3
   d - Petrify                        Transmutation/Earth          4
   e - Metabolic Englaciation         Hexes/Ice                    5
   f - Yara's Violent Unravelling     Hexes/Transmutation          5
   Trog disapproves of the use of such an item.
 S - a book of the Sky

   Spells                             Type                      Level
   a - Summon Lightning Spire         Summoning/Air                4
   b - Airstrike                      Air                          4
   c - Silence                        Hexes/Air                    5
   d - Deflect Missiles               Charms/Air                   6
   e - Conjure Ball Lightning         Conjuration/Air              6
   f - Tornado                        Air                          9
   Trog disapproves of the use of such an item.
Comestibles
 c - 12 bread rations
 m - 2 meat rations
 H - 4 slices of pizza


   Skills:
 - Level 5.0 Fighting
 + Level 10.6 Long Blades
 - Level 12.0 Slings
 - Level 5.0 Armour
 + Level 9.6 Dodging
 - Level 6.0 Stealth
 + Level 6.8 Shields


You had 11 spell levels left.
You didn't know any spells.

Dungeon Overview and Level Annotations

Branches:
Dungeon (13/15)            Temple (1/1) D:4             Orc (1/2) D:10
   Lair: D:8-11      Vaults: D:13-14

Altars:
Cheibriados
Elyvilon
Fedhas
Nemelex Xobeh
Okawaru
Qazlal
Trog
Uskayaw
Vehumet
Xom
The Shining One

Shops:
D:4 :


Innate Abilities, Weirdness & Mutations

You are small and have problems with some larger weapons.
You are somewhat resistant to further mutation.


Message History

Your shield prevents you from hitting the centaur warrior.
The centaur warrior is almost dead.
You block the centaur warrior's attack.
The yaktaur shoots a bolt.
You block the bolt. The centaur warrior barely misses you.
You closely miss the centaur warrior.
The centaur warrior is almost dead.
The centaur warrior hits you.
* * * LOW HITPOINT WARNING * * *
The yaktaur shoots a bolt.
The bolt completely misses you.
The red draconian breathes flames at you.
The searing blast hits you! You resist.
* * * LOW HITPOINT WARNING * * *
You block the centaur warrior's attack.
You closely miss the centaur warrior.
The centaur warrior is almost dead.
The centaur warrior hits you!
* * * LOW HITPOINT WARNING * * *
The centaur warrior wields an uncursed shortbow of flaming.
It bursts into flame!
The centaur warrior shoots an arrow.
The arrow hits you!
You die...

#[!!)!###≈
#.$.!.#.##
+.!.!.'..
+.._..'. #
#.....# ..
#######...
+)!c()cc..
#§(≈d.# #8@≈≈8#
+.T≈..+ +..(..+
≈# #8...8# ≈
§§###..(§.###§≈
§§≈≈≈..(..§§§§≈
≈≈≈≈§8...8§§≈§#
§§§≈≈....§§≈###
##§§§§....≈≈#


You could see a red draconian, a centaur warrior, a yaktaur, a centaur and a
friendly deep troll (berserk).

Vanquished Creatures
  A wizard (D:9)
  A hill giant (D:10)
  A manticore (D:11)
  A centaur skeleton (D:11)
  A kobold demonologist (D:12)
  A troll (D:10)
  A hornet (D:12)
  2 hippogriffs
  A spriggan (D:7)
  Sigmund (D:2)
  11 yaks
  A wyvern (D:9)
  A wraith (D:12)
  3 fire bats (Orc:1)
  2 hungry ghosts (D:7)
  A steam dragon (D:9)
  A water moccasin (D:8)
  6 ice beasts
  A sky beast (D:7)
  6 orc warriors
  A black bear (D:7)
  3 necrophages
  5 phantoms
  5 ogres
  4 centaurs
  2 big kobolds
  5 bullfrogs
  Blork the orc (D:6)
  A water moccasin zombie (D:7)
  3 scorpions
  A wyvern skeleton (D:6)
  11 killer bees
  The ghost of lokibrotherofthor the Conjurer, a weakling DrCj (D:3)
  5 wights (D:11)
  3 bullfrog zombies
  A centaur zombie (D:10)
  3 crimson imps
  A howler monkey (D:4)
  5 hounds
  A jelly (D:3)
  9 orc priests
  4 bullfrog skeletons
  2 iguanas (D:8)
  9 orc wizards
  10 worker ants
  A statue (D:4)
  A hound skeleton (D:6)
  6 gnolls (D:7)
  11 adders
  4 shadow imps
  An ooze (D:1)
  2 adder skeletons
  7 worms
  2 dart slugs
  7 leopard geckos
  45 orcs
  A ball python (D:3)
  5 bats
  9 giant cockroaches
  12 goblins
  12 hobgoblins
  15 jackals
  8 quokkas
  10 frilled lizards
  12 kobolds
  A leopard gecko skeleton (D:7)
  A quokka skeleton (D:4)
  10 rats
323 creatures vanquished.

Vanquished Creatures (collateral kills)
  Urug (D:11)
  2 slime creatures (D:9)
  An orc wizard (D:11)
4 creatures vanquished.

Vanquished Creatures (others)
  A hound (D:4)
1 creature vanquished.

Grand Total: 328 creatures vanquished

Notes
Turn   | Place    | Note
-------+----------+-------------------------------------------
     0 | D:1      | DevlanMud the Halfling Berserker began the quest for the Orb.
     0 | D:1      | Reached XP level 1. HP: 15/15 MP: 1/1
    52 | D:1      | Reached XP level 2. HP: 4/20 MP: 2/2
   598 | D:1      | Reached XP level 3. HP: 26/26 MP: 3/3
   854 | D:1      | Reached ** piety under Trog
  1174 | D:2      | Reached XP level 4. HP: 24/31 MP: 4/4
  1280 | D:2      | Noticed Sigmund
  1296 | D:2      | Killed Sigmund
  1296 | D:2      | Reached XP level 5. HP: 36/36 MP: 5/5
  1296 | D:2      | Reached XP level 6. HP: 42/42 MP: 6/6
  1373 | D:2      | Found a shimmering altar of Xom.
  1377 | D:2      | Found a sparkling altar of Nemelex Xobeh.
  1378 | D:2      | Found a blossoming altar of Fedhas.
  1379 | D:2      | Found a white marble altar of Elyvilon.
  1379 | D:2      | Found a snail-covered altar of Cheibriados.
  1380 | D:2      | Found a stormy altar of Qazlal.
  1947 | D:3      | Reached skill level 1 in Slings
  2117 | D:3      | Noticed lokibrotherofthor's ghost (weakling DrCj)
  2129 | D:3      | Killed lokibrotherofthor's ghost
  2129 | D:3      | Reached skill level 5 in Long Blades
  2149 | D:3      | Reached *** piety under Trog
  2169 | D:3      | Noticed a phantom
  2368 | D:3      | Killed a phantom
  2368 | D:3      | Reached skill level 2 in Slings
  2368 | D:3      | Reached XP level 7. HP: 36/47 MP: 7/7
  2701 | D:4      | Reached skill level 1 in Stealth
  3140 | D:4      | Reached XP level 8. HP: 24/54 MP: 8/8
  3144 | D:4      | Reached skill level 3 in Slings
  3396 | D:4      | Found a staircase to the Ecumenical Temple.
  3401 | Temple   | Entered the Ecumenical Temple
  3597 | D:4      | Found Qathean's Book Emporium.
  3840 | D:4      | Found a radiant altar of Vehumet.
  3864 | D:4      | Reached **** piety under Trog
  4135 | D:5      | Entered Level 5 of the Dungeon
  4263 | D:5      | Found a hide-covered altar of Uskayaw.
  4338 | D:5      | Reached skill level 4 in Slings
  5217 | D:5      | Found a white marble altar of Elyvilon.
  5388 | D:6      | Reached skill level 5 in Armour
  5572 | D:6      | Noticed a moth of wrath
  5574 | D:6      | Found a bloodstained altar of Trog.
  5590 | D:6      | Found a sparkling altar of Nemelex Xobeh.
  5731 | D:6      | Reached skill level 5 in Slings
  5987 | D:6      | Noticed Blork the orc
  5996 | D:6      | Killed Blork the orc
  5996 | D:6      | Reached skill level 5 in Dodging
  6028 | D:6      | Got a heavily runed cloak
  6038 | D:6      | Identified the cursed +0 cloak of Extuuwav {rF+ rN+ MR++ Str-2} (You found it on level 6 of the Dungeon)
  6215 | D:6      | Got a fine bronze ring
  6217 | D:6      | Identified the cursed ring of Cheibriados's Envy {rElec rC+ EV-4 Int+4 Dex-5} (You found it on level 6 of the Dungeon)
  6426 | D:6      | Reached skill level 6 in Slings
  6426 | D:6      | Reached XP level 9. HP: 60/60 MP: 9/9
  6476 | D:6      | Reached skill level 5 in Fighting
  6924 | D:7      | Reached skill level 7 in Slings
  6985 | D:7      | Noticed a hippogriff
  6992 | D:7      | Killed a hippogriff
  7020 | D:7      | Found a glowing golden altar of the Shining One.
  7105 | D:7      | Reached skill level 8 in Slings
  7153 | D:7      | Reached ***** piety under Trog
  7703 | D:7      | Reached skill level 1 in Shields
  7810 | D:7      | Reached skill level 9 in Slings
  7852 | D:7      | Reached XP level 10. HP: 59/66 MP: 10/10
  8426 | D:7      | Found an iron altar of Okawaru.
  8766 | D:8      | Reached skill level 5 in Shields
  8872 | D:8      | Reached skill level 10 in Slings
  8999 | D:8      | Received a gift from Trog
 10077 | D:9      | Received a gift from Trog
 10184 | D:9      | Killed a titanic slime creature
 10184 | D:9      | Reached skill level 11 in Slings
 10184 | D:9      | Reached XP level 11. HP: 71/71 MP: 11/11
 10424 | D:9      | You fall through a shaft for 2 floors!
 10516 | D:10     | Entered Level 10 of the Dungeon
 10696 | D:9      | Received a gift from Trog
 10914 | D:9      | Received a gift from Trog
 10929 | D:9      | Reached skill level 12 in Slings
 11092 | D:9      | Noticed a wizard
 11118 | D:9      | Killed a wizard
 11415 | D:10     | Reached skill level 5 in Stealth
 11482 | D:10     | Noticed a hill giant
 11497 | D:10     | Killed a hill giant
 11666 | D:10     | You fall through a shaft for 3 floors!
 11732 | D:12     | Reached skill level 10 in Long Blades
 12186 | D:11     | Reached XP level 12. HP: 77/77 MP: 12/12
 12204 | D:11     | Noticed Urug
 12220 | D:11     | Killed Urug
 12456 | D:11     | Received a gift from Trog
 12745 | D:10     | Found a staircase to the Orcish Mines.
 12792 | Orc:1    | Entered Level 1 of the Orcish Mines
 12816 | Orc:1    | Found a dark tunnel.
 12869 | Volcano  | Entered a volcano
 12886 | Volcano  | Noticed a centaur warrior
 12891 | Volcano  | Found a radiant altar of Vehumet.
 12892 | Volcano  | Noticed a red draconian
 12915 | Volcano  | Shot with an arrow by a centaur warrior

Skill      XL: |  1  2  3  4  5  6  7  8  9 10 11 |
---------------+----------------------------------+-----
Fighting       | 3 4 5 |  5.0
Long Blades    | 4 5 6 7 8 10 | 10.6
Armour         | 3 4 5 |  5.0
Dodging        | 3 4 5 6 7 9 |  9.6
Slings         | 2 6 9 11 12 | 12.0
Stealth        | 1 2 4 6 |  6.0
Shields        | 2 6 |  6.8

Action                   |  1- 3 |  4- 6 |  7- 9 | 10-12 || total
-------------------------+-------+-------+-------+-------++-------
Melee: Falchion          |    90 |    68 |   539 |   383 ||  1080
       Scimitar          |       |       |       |   194 ||   194
       Long sword        |       |       |       |    32 ||    32
 Fire: Hunting sling     |       |    48 |   169 |   366 ||   583
Throw: Stone             |     2 |       |       |       ||     2
Invok: Berserk           |       |     2 |     5 |     2 ||     9
       Trog's Hand       |       |     2 |     2 |     3 ||     7
       Burn Spellbooks   |       |       |     1 |     1 ||     2
       Brothers in Arms  |       |       |       |     4 ||     4
  Use: Scroll            |       |       |     6 |    19 ||    25
       Potion            |       |       |       |     4 ||     4
 Stab: Sleeping          |     2 |       |       |       ||     2
  Eat: Chunk             |     1 |     6 |    22 |    20 ||    49
       Royal jelly       |       |       |     1 |     1 ||     2
       Meat ration       |       |       |     1 |       ||     1
Armor: Animal skin       |    21 |     2 |       |       ||    23
       Leather armour    |       |     5 |    15 |       ||    20
       Robe              |       |     1 |       |       ||     1
       Ring mail         |       |       |   101 |    73 ||   174
       Steam dragon scal |       |       |       |    34 ||    34
Dodge: Dodged            |    81 |    34 |   411 |   472 ||   998
Block: Buckler           |       |       |    13 |   146 ||   159
       Shield            |       |       |       |    53 ||    53
       Rpst.: Falchion   |    29 |    15 |   126 |    94 ||   264
       Scimitar          |       |       |       |    39 ||    39
       Long sword        |       |       |       |    10 ||    10
